 Dungeon Crawl Stone Soup version 0.17.1-1-g73c8601 (webtiles) character file.

319 DeXoteric the Skirmisher (level 6, 0/51 HPs)
             Began as a Demonspawn Monk on Dec 26, 2015.
             Succumbed to a scorpion's poison
             ... on level 3 of the Dungeon.
             The game lasted 00:11:23 (5672 turns).

DeXoteric the Skirmisher (Demonspawn Monk)          Turns: 5672, Time: 00:11:23

Health: 0/51       AC:  7    Str: 13    XL:     6   Next: 21%
Magic:  6/6        EV: 12    Int: 11    God:
Gold:   186        SH:  0    Dex: 16    Spells: 0 memorised, 5 levels left

rFire  . . .     SeeInvis .       - Unarmed
rCold  . . .     Clarity  .     e - +0 scale mail (curse)
rNeg   . . .     SustAt   .     (no shield)
rPois  .         Gourm    .     l - +0 helmet
rElec  .         Spirit   .     (no cloak)
rCorr  .         Warding  .     (no gloves)
rMut   .         Stasis   .     (no boots)
MR     .....                    (no amulet)
Stlth  ++........               (no ring)
                                (no ring)

@: lethally poisoned (0 -> -8), not resistant to hostile enchantments,
unstealthy
A: claws 1, repulsion field 1, nightstalker 1
a: no special abilities


You were on level 3 of the Dungeon.
You were not hungry.

You visited 1 branch of the dungeon, and saw 4 of its levels.

You collected 186 gold pieces.

Inventory:

Armour
 a - a +0 robe
 e - a cursed +0 scale mail (worn)
 l - a +0 helmet (worn)
Scrolls
 c - 2 scrolls of magic mapping {unknown}
 d - a scroll of teleportation {unknown}
 f - 8 scrolls of identify {unknown}
 h - 3 scrolls of remove curse {unknown}
 j - a scroll of fog {unknown}
Potions
 g - 2 potions of heal wounds {unknown}
 k - a potion of invisibility {unknown}
 m - a potion of cancellation {unknown}
 n - a potion of brilliance {unknown}
 o - a potion of curing {unknown}
Comestibles
 b - 2 bread rations
 p - 2 meat rations


   Skills:
 + Level 5.0 Fighting
   Level 0.6 Short Blades
 + Level 0.8 Armour
 + Level 3.0 Dodging
 + Level 3.3 Stealth
 + Level 4.5 Unarmed Combat


You had 5 spell levels left.
You didn't know any spells.

Dungeon Overview and Level Annotations

Branches:
Dungeon (4/15)
 Temple: D:4-7

Altars:
Gozag
Qazlal
Xom
Yredelemnul
Zin
The Shining One

Annotations:
D:3 riffraff's ghost, amateur MiMo
D:4 Grinder


Innate Abilities, Weirdness & Mutations

You have sharp fingernails.
You are surrounded by a mild repulsion field (EV +2).
You are slightly more attuned to the shadows.


Message History

The scorpion poisons you!
You take 5 damage, and have 11/51 hp.
You claw the scorpion!
* * * LOW HITPOINT WARNING * * *
You feel sick.
You take 1 damage, and have 10/51 hp.
You barely miss the scorpion.
* * * LOW HITPOINT WARNING * * *
You feel sick. The scorpion stings you!
* * * LOW HITPOINT WARNING * * *
You take 8 damage, and have 2/51 hp.
You claw the scorpion!
You kill the scorpion!
Your Dodging skill increases to level 3!
* * * LOW HITPOINT WARNING * * *
You feel sick.
You take 1 damage, and have 1/51 hp.
* * * LOW HITPOINT WARNING * * *
You feel sick.
You die...

#..#### #)........#.#....<##.##..
..## #.)......................
### #.......................#
###)#.........####P....P..#
##...#...#.....#..#...####.#
##......####....#..#...'..#.#
##.....### #....##'##..#))#.#
#...(..######.#..#...#..####..
##..(....#...6##.#).)#..P.....
#.(.###...##....#..)'........
#[###.........>.#'###..####.#
#[##..#.........#).#...'.(#.#
#####............[..#).#.⌠.#..#.#
.......#..##..####..####...#..#.#
.............## #.....P..##)##.#
......._.....# ##.......#..#...
.....#####...# #.#'##..#..#...


There were no monsters in sight!

Vanquished Creatures
  A scorpion (D:3)
  2 orc wizards (D:3)
  A worker ant (D:4)
  7 adders
  An ooze (D:1)
  2 worms
  6 giant geckos
  19 orcs
  4 ball pythons
  2 bats
  3 giant cockroaches
  9 hobgoblins
  6 giant newts
  14 goblins
  14 kobolds
  7 rats
98 creatures vanquished.

Notes
Turn   | Place    | Note
--------------------------------------------------------------
     0 | D:1      | DeXoteric the Demonspawn Monk began the quest for the Orb.
     0 | D:1      | Reached XP level 1. HP: 18/18 MP: 1/1
   729 | D:1      | Gained mutation: You are slightly more attuned to the shadows. [demonic ancestry]
   729 | D:1      | Reached XP level 2. HP: 24/24 MP: 2/2
  1517 | D:2      | Reached skill level 4 in Fighting
  1517 | D:2      | Gained mutation: You are surrounded by a mild repulsion field (EV +2). [demonic ancestry]
  1517 | D:2      | Reached XP level 3. HP: 28/30 MP: 3/3
  2452 | D:2      | Found a glowing golden altar of the Shining One.
  2476 | D:2      | Found a basalt altar of Yredelemnul.
  2548 | D:2      | Found a faded altar to an unknown god.
  2758 | D:2      | Gained mutation: You have sharp fingernails. [demonic ancestry]
  2758 | D:2      | Reached XP level 4. HP: 38/38 MP: 4/4
  2766 | D:2      | Found an opulent altar of Gozag.
  2869 | D:2      | Noticed an angel
  3239 | D:3      | Noticed riffraff's ghost (amateur MiMo)
  3385 | D:3      | Found a stormy altar of Qazlal.
  3386 | D:3      | Noticed a water elemental
  3388 | D:3      | Reached XP level 5. HP: 39/43 MP: 5/5
  3404 | D:3      | Noticed an air elemental
  3404 | D:3      | Noticed a fire elemental
  3587 | D:3      | Found a glowing silver altar of Zin.
  4209 | D:3      | Found a shimmering altar of Xom.
  4211 | D:3      | Noticed an angel
  4695 | D:4      | Noticed Grinder
  5347 | D:4      | Reached skill level 5 in Fighting
  5347 | D:4      | Reached XP level 6. HP: 31/51 MP: 6/6
  5595 | D:4      | Paralysed by Grinder for 7 turns
  5669 | D:3      | HP: 2/51 [scorpion (7)]
  5672 | D:3      | Succumbed to a scorpion's poison

Action                   |  1- 3 |  4- 6 || total
-------------------------+-------+-------++-------
Melee: Unarmed           |    36 |   338 ||   374
       Dagger            |   164 |       ||   164
Evoke: Wand              |       |     4 ||     4
 Stab: Sleeping          |     4 |     4 ||     8
  Eat: Chunk             |     6 |    10 ||    16
